 Dungeon Crawl Stone Soup version 0.28-a0-1347-g113dc556a4 (webtiles) character file.

Game seed: 14479174989448798900

2615 mordus the Magician (level 9, -6/66 HPs)
             Began as a Djinni Conjurer on Dec 29, 2021.
             Was an Initiate of Makhleb.
             Collided with a rock wall (11 damage)
             ... caused by Erica
             ... on level 8 of the Dungeon.
             The game lasted 00:21:38 (8441 turns).

mordus the Magician (Djinni Conjurer)               Turns: 8441, Time: 00:21:39

Health: -6/66      AC:  7    Str:  6    XL:     9   Next: 91%
Gold:   261        EV: 18    Int: 24    God:    Makhleb [......] SH:  0 Dex: 12

rFire   + + .      SeeInvis +   j - +4 dagger
rCold   . . .      Faith    .   (no shield)
rNeg    . . .      Spirit   .   r - +1 robe {rC+}
rPois   ∞          Reflect  .   e - +2 helmet
rElec   .          Harm     .   u - +0 cloak
rCorr   .          Rampage  .   (no gloves)
Will    .....                   (boots unavailable)
Stlth   +.........              (no amulet)
HPRegen 0.21/turn               f - +4 ring of evasion
MPRegen 0.00/turn               p - ring of see invisible

@: confused, flying
A: sickness immunity, fire resistance 2, cold vulnerability 1, float, innate
caster, hp casting, extra vitality 1
a: Renounce Religion


You were on level 8 of the Dungeon.
You worshipped Makhleb.
Makhleb was noncommittal.
You visited 2 branches of the dungeon, and saw 9 of its levels.

You collected 261 gold pieces.

Inventory:

Hand Weapons
 j - a +4 dagger (weapon)
 t - a +2 quarterstaff of chaos
Armour
 a - a +1 robe
 e - a +2 helmet (worn)
 r - a +1 robe of cold resistance (worn)
 u - a +0 cloak (worn)
Magical Staves
 h - a staff of poison
 n - a staff of fire
 E - a staff of earth
Jewellery
 f - a +4 ring of evasion (left hand)
 l - a ring of willpower
 p - a ring of see invisible (right hand)
Wands
 q - a wand of flame (25)
 y - a wand of mindburst (4)
 D - a wand of iceblast (11)
Scrolls
 b - 5 scrolls of identify
 v - 3 scrolls of torment
 w - 5 scrolls of teleportation
 z - 2 scrolls of blinking
 B - a scroll of acquirement
 C - a scroll of enchant armour
 F - a scroll of brand weapon {unknown}
Potions
 c - a potion of resistance
 d - 2 potions of might {unknown}
 g - 2 potions of lignification
 i - 2 potions of invisibility
 k - a potion of berserk rage {unknown}
 m - 2 potions of curing {unknown}
 o - a potion of mutation {unknown}
 s - 2 potions of flight {unknown}
 x - a potion of degeneration {unknown}
 A - a potion of haste {unknown}


   Skills:
 + Level 6.2 Fighting
 + Level 7.3 Dodging
 - Level 1.5 Stealth
 * Level 7.7 Spellcasting
 + Level 0.0 Invocations


You couldn't memorise any spells.
You knew the following spells:

 Your Spells              Type           Power      Damage    Failure   Level
a - Magic Dart            Conj           100%       1d8       1%          1
b - Searing Ray           Conj           92%        2d7       1%          2
c - Dazzling Flash        Conj/Hex       92%        N/A       1%          3
d - Fulminant Prism       Conj/Hex       23%        3d13      2%          4
e - Iskenderun's Mystic   Conj/Tloc      46%        2d10      2%          4
f - Sandblast             Erth           92%        2d19      1%          1
g - Passwall              Tmut/Erth      38%        N/A       1%          2
h - Inner Flame           Hex/Fire       46%        N/A       1%          3
i - Ice Form              Ice/Tmut       46%        N/A       2%          4
Your spell library was empty.

Dungeon Overview and Level Annotations

Branches:
Dungeon (8/15)             Temple (1/1) D:6
   Lair: D:8-11

Altars:
Ashenzari
Cheibriados
Dithmenos
Elyvilon
Fedhas
Gozag
Hepliaklqana
Kikubaaqudgha
Makhleb
Nemelex Xobeh
Okawaru
Qazlal
Ru
Sif Muna
Trog
Uskayaw
Vehumet
Wu Jian
Xom
Yredelemnul
Zin
The Shining One

Shops:
D:2 !(   D:4 **   D:5 (

Annotations:
D:7 2 transporters, exclusion: ice statue, ytrimaz's ghost, novice OpTm
D:8 Erica


Innate Abilities, Weirdness & Mutations

You are immune to sickness and miasma.
You are immune to poison.
Your flesh is very heat resistant. (rF++)
You are vulnerable to cold. (rC-)
You float through the air rather than walking.
You learn spells naturally, not from books.
Your magical power is your life essence.
You have superior vitality. (+4 MHP)


Message History

Press: ? - help, Shift-Dir - straight line, f/p - Erica
Aim: Erica, wielding a +0 scimitar of flaming and wearing a +0 robe (heavily wounded, slightly transparent, 80% to hit)
The searing ray hits Erica!
Erica is severely wounded. (Press . to maintain the ray.)
The searing ray hits Erica.
Erica is severely wounded.
Erica casts a spell at you. You resist with some effort.
The searing ray hits Erica!
Erica is almost dead.
Erica gestures at you while chanting. The lance of force hits you!
You are knocked back by the lance of force.
You slam into the rock wall!
A kobold comes into view. It is wielding a +0 whip.
The kobold moves out of view.
Casting: Searing Ray (safe; 1% risk of failure)
Confirm with . or Enter, or press ? or * to list all spells.
Aiming: Magic Dart (safe; 1% risk of failure)
Press: ? - help, Shift-Dir - straight line, f/p - Erica
Aim: Erica, wielding a +0 scimitar of flaming and wearing a +0 robe (almost dead, slightly transparent, 100% to hit)
The magic dart hits Erica.
Erica is almost dead.
Erica points at you and mumbles some strange words.
You are confused.
You're too confused to move!
You hit Erica.
Erica is almost dead.
Erica points at you and mumbles some strange words.
You resist with some effort.
You bump into the rock wall.
Erica closely misses you.
You miss Erica.
Erica is almost dead.
Erica points at you and mumbles some strange words.
The lance of force hits you!!
* * * LOW HITPOINT WARNING * * *
You are knocked back by the lance of force.
You slam into the rock wall!
You die...

##.##....# .........##
.....#.....#
.....[.......##
..............##########
.......#......##......K.
.......#.>......@####
........#...........#
..........##......@.#
.......##.##...).(...#
........#.#####...##..#
.....##......###..# #.#
.....#####...# #.... ...
.....#######..<.....^
...
.......)..............
..


You could see Erica (invisible) and a kobold (wandering).

Vanquished Creatures
  A two-headed ogre (D:7)
  A kobold demonologist (D:6)
  A hornet (D:8)
  Sigmund (D:4)
  A water moccasin (D:6)
  An orc warrior (D:6)
  A hornet zombie (D:6)
  A sky beast (D:6)
  A necrophage (D:5)
  An ogre (D:4)
  A centaur (D:7)
  A kobold brigand (D:6)
  A phantom (D:6)
  3 scorpions
  2 centaur zombies
  A hound (D:5)
  A jelly (D:4)
  Crazy Yiuf (D:4)
  A centaur skeleton (D:4)
  An orc priest (D:3)
  A bullfrog skeleton (D:6)
  2 iguanas (D:5)
  A hound zombie (D:5)
  5 adders
  A river rat (D:5)
  5 worms
  An adder skeleton (D:4)
  5 dart slugs
  9 orcs
  10 endoplasms
  5 giant cockroaches
  9 goblins
  5 hobgoblins
  A quokka (D:4)
  6 ball pythons
  6 bats
  3 frilled lizards
  12 kobolds
  7 rats
117 creatures vanquished.

Vanquished Creatures (others)
  10 fulminant prisms
  8 fungi (D:5)
  2 plants (D:5)
20 creatures vanquished.

Grand Total: 137 creatures vanquished

Notes
Turn   | Place    | Note
-------+----------+-------------------------------------------
     0 | D:1      | mordus the Djinni Conjurer began the quest for the Orb.
     0 | D:1      | Reached XP level 1. HP: 15/15 MP: 0/0
   357 | D:1      | Reached XP level 2. HP: 21/22 MP: 0/0
   684 | D:1      | Found a faded altar of an unknown god.
  1035 | D:1      | Reached XP level 3. HP: 24/26 MP: 0/0
  1035 | D:1      | Learned a level 1 spell: Sandblast
  1160 | D:2      | Found Rairch's Antique Weapon Shop.
  1174 | D:2      | Reached skill level 1 in Fighting
  1637 | D:2      | Reached XP level 4. HP: 21/32 MP: 0/0
  1842 | D:2      | You are sucked into a shaft and drop 2 floors!
  1995 | D:4      | Noticed an ogre
  2001 | D:4      | Killed an ogre
  2002 | D:4      | Reached XP level 5. HP: 32/38 MP: 0/0
  2002 | D:4      | Learned a level 2 spell: Passwall
  2007 | D:4      | Found Extebur's General Store.
  2011 | D:4      | Found Puag's Specific Store.
  2453 | D:3      | Reached XP level 6. HP: 42/44 MP: 0/0
  2788 | D:2      | Found Fyzaz's Distillery.
  3742 | D:5      | Entered Level 5 of the Dungeon
  4374 | D:4      | Noticed Sigmund
  4381 | D:4      | Killed Sigmund
  4382 | D:4      | Reached skill level 5 in Spellcasting
  4382 | D:4      | Reached XP level 7. HP: 31/50 MP: 0/0
  4382 | D:4      | Learned a level 3 spell: Inner Flame
  4641 | D:4      | Found a runed translucent door.
  4642 | D:4      | Noticed Crazy Yiuf
  4649 | D:4      | Killed Crazy Yiuf
  5278 | D:5      | Identified the +3 leather armour of the Pleiades {*Slow
                  | Str+5}
  5285 | D:5      | Found Woitz's Antique Weapon Boutique.
  5450 | D:5      | Reached skill level 5 in Dodging
  5450 | D:5      | Reached XP level 8. HP: 54/58 MP: 0/0
  5578 | D:5      | Found a blossoming altar of Fedhas.
  6660 | D:6      | Noticed a kobold demonologist
  6664 | D:6      | Killed a kobold demonologist
  6665 | D:6      | Reached skill level 5 in Fighting
  6665 | D:6      | Reached XP level 9. HP: 60/65 MP: 0/0
  6665 | D:6      | Learned a level 4 spell: Ice Form
  6729 | D:6      | Found a staircase to the Ecumenical Temple.
  6820 | Temple   | Entered the Ecumenical Temple
  7002 | Temple   | Became a worshipper of Makhleb the Destroyer
  7318 | D:7      | Found a flagged portal.
  7416 | D:7      | Noticed a two-headed ogre
  7423 | D:7      | Killed a two-headed ogre
  7512 | D:7      | Identified 2 scrolls of acquirement
  7512 | D:7      | Acquired a ring of see invisible
  7952 | D:7      | Noticed an ice statue
  8005 | D:7      | Noticed ytrimaz's ghost (novice OpTm)
  8015 | D:7      | Found a transporter.
  8019 | D:7      | Found a transporter.
  8287 | D:8      | Noticed a hornet
  8290 | D:8      | Noticed a five-headed hydra
  8290 | D:8      | Noticed a two-headed ogre
  8291 | D:8      | Noticed a cyclops
  8301 | D:8      | Killed a hornet
  8427 | D:8      | Noticed Erica
  8441 | D:8      | Collided with a rock wall

Illustrated notes

Levels and vault maps discovered:
D:1:      dpeg_arrival_rhombus, layout_loops_cross,
          ebering_ecumenical_altar_sacrificial, hangedman_abyss_or_decor_stabs,
          grunt_decor_clamped
D:2:      layout_loops_corners, serial_shops, shop, shop
D:3:      layout_basic, grunt_ministairs_6
D:4:      layout_basic, nicolae_specific_store, grunt_ministairs_3,
          amcnicky_mini_pool_small, minmay_bisected, uniq_crazy_yiuf_cottage,
          uniq_sigmund
D:5:      layout_loops_cross, fedhas_altar_3, portal_sewer_entry_b,
          serial_shops, kennysheep_mini, chequers_serial_rivers_small_3
D:6:      layout_rooms, minmay_temple_entry_arrows
D:7:      layout_basic, nzn_ghost_randoct, enter_bailey_5
D:8:      layout_rooms, onia_ninara_dug_in_and_dangerous, uniq_erica
Temple:   mainiacjoe_temple_hex_bubbles

Skill      XL: |  1  2  3  4  5  6  7  8  9 |
---------------+----------------------------+-----
Fighting       | 1 2 3 5 6 |  6.2
Dodging        | 3 4 5 6 7 |  7.3
Spellcasting   | 4 5 6 7 |  7.7
Stealth        | |  1.5

Action                   |  1- 3 |  4- 6 |  7- 9 || total
-------------------------+-------+-------+-------++-------
Melee: Dagger            |    10 |    14 |     4 ||    28
 Cast: Magic Dart        |    34 |    53 |     8 ||    95
       Searing Ray       |    12 |    24 |    39 ||    75
       Iskenderun's Myst |       |     3 |    18 ||    21
       Fulminant Prism   |       |       |    10 ||    10
  Use: Scroll            |       |     6 |     7 ||    13
       Potion            |       |     2 |       ||     2
Armor: Robe              |     5 |     5 |    25 ||    35
Dodge: Dodged            |     5 |    17 |    62 ||    84

Table legend: (Time is in decaauts)
 A = Elapsed time spent in this place.
 B = Non-inter-level travel time spent in this place.
 C = Inter-level travel time spent in this place.
 D = Time resting spent in this place.
 E = Time spent auto-exploring this place.
 F = Levels seen in this place.
 G = Mean time per level.
                   A        B        C        D        E       F      G
               +--------+--------+--------+--------+--------+-----+--------+
         Total |   8442 |   8220 |    222 |    627 |   6544 |   9 |  938.0 |
       Dungeon |   8181 |   7997 |    184 |    627 |   6331 |   8 | 1022.6 |
        Temple |    260 |    222 |     38 |      0 |    213 |   1 |  260.0 |
               +--------+--------+--------+--------+--------+-----+--------+

Top non-repeatable levels by time:
     D:4: 1729 daAuts
     D:5: 1520 daAuts
     D:2: 1283 daAuts
     D:1: 1146 daAuts
     D:7: 908 daAuts
     D:3: 715 daAuts
     D:6: 686 daAuts
  Temple: 260 daAuts
     D:8: 191 daAuts
